 Dungeon Crawl Stone Soup version 0.30.0-29-ga12c61a403 (webtiles) character file.

Game seed: 12519423327430972472

15302 Graphine the Cleaver (level 12, -5/110 HPs)
             Began as a Minotaur Monk on June 19, 2023.
             Slain by a warg (12 damage)
             ... led by an orc warlord
             ... on level 1 of the Orcish Mines.
             The game lasted 00:20:57 (8881 turns).

Graphine the Cleaver (Minotaur Monk)                Turns: 8881, Time: 00:20:59

Health: -5/110     AC: 11    Str: 20    XL:     12   Next: 0%
Magic:  11/11      EV: 16    Int:  7    God:
Gold:   742        SH:  0    Dex: 14    Spells: 11/11 levels left

rFire   + . .        G - +8 battleaxe (drain)
rCold   + . .        (shield currently unavailable)
rNeg    . . .        k - +0 ring mail
rPois   .            O - +1 hat {Will+}
rElec   .            (no cloak)
rCorr   .            (no gloves)
SInv    .            j - +2 pair of boots
Will    ++...        E - amulet of regeneration Stlth
                     h - +4 ring of slaying
HPRegen 1.18/turn    x - ring of Liberalism {rF+ rC+ Will+}
MPRegen 0.12/turn

%: no passive effects
@: confused, mighty, ambrosia-drunk, hasted, very quick
A: horns 2, retaliatory headbutt
a: no special abilities


You were on level 1 of the Orcish Mines.
You visited 2 branches of the dungeon, and saw 11 of its levels.
You also visited: Sewer.

You collected 771 gold pieces.
You spent 29 gold pieces at shops.

Inventory:

Hand Weapons
 a - a +1 hand axe
 m - a +3 dagger
 u - a +0 arbalest
 G - a +8 battleaxe of draining (weapon)
 K - the +8 whip "Snakebite" {venom, curare, rPois}
   (You took it off Amaemon on level 9 of the Dungeon)

   rPois:     It protects you from poison.
Missiles
 y - a throwing net
 N - 5 javelins (quivered)
Armour
 d - an orb of light
 j - a +2 pair of boots (worn)
 k - a +0 ring mail (worn)
 o - a +2 robe of willpower
 O - a +1 hat of willpower (worn)
Jewellery
 h - a +4 ring of slaying (left hand)
 v - a ring of willpower
 x - the ring of Liberalism (right hand) {rF+ rC+ Will+}
   (You found it on level 4 of the Dungeon)

   [ring of protection from cold]

   rF:        It protects you from fire.
   rC:        It protects you from cold.
   Will:      It increases your willpower.
 A - an amulet of faith
 E - an amulet of regeneration (around neck)
 F - a +6 ring of intelligence
 Q - an amulet of magic regeneration
Wands
 b - a wand of polymorph (13)
 t - a wand of roots (3)
 H - a wand of mindburst (21)
 J - a wand of quicksilver (9)
 L - a wand of flame (6)
Scrolls
 e - a scroll of blinking
 i - 3 scrolls of torment
 r - 4 scrolls of poison
 w - 5 scrolls of teleportation
 M - a scroll of fog
 R - a scroll of butterflies
Potions
 g - 2 potions of magic
 l - 4 potions of heal wounds
 n - 4 potions of mutation
 p - 2 potions of flight
 q - 4 potions of attraction
 s - a potion of might
 z - a potion of lignification
 B - 4 potions of brilliance {unknown}
 C - a potion of resistance {unknown}
 D - a potion of cancellation {unknown}
 I - 4 potions of curing
 P - a potion of invisibility {unknown}


   Skills:
 + Level 11.4 Fighting
 + Level 11.4 Axes
 + Level 8.6 Ranged Weapons
 + Level 10.7 Armour
 + Level 10.5 Dodging


You had 11 spell levels left.
You didn't know any spells.
Your spell library contained the following spells:

 Spells                   Type           Power      Damage    Failure   Level
 Freeze                   Ice            0%         1d3       56%         1
 Kiss of Death            Conj/Necr      0%         2d5       56%         1
 Blink                    Tloc           0%         N/A       71%         2
 Lesser Beckoning         Tloc           0%         N/A       71%         2
 Momentum Strike          Conj/Tloc      0%         3d8       71%         2
 Confusing Touch          Hex            0%         N/A       91%         3
 Frozen Ramparts          Ice            0%         1d1       91%         3
 Hailstorm                Conj/Ice       0%         3d3       91%         3
 Dispel Undead            Necr           0%         3d6       100%        4


Dungeon Overview and Level Annotations

Branches:
Dungeon (10/15)              Lair (0/5) D:10            Orc (1/2) D:10
  Sewer (visited)
 Temple: D:4-7

Altars:
Fedhas
Hepliaklqana
Makhleb
Qazlal
Ru
Wu Jian
Zin
The Shining One

Shops:
D:9 ((:*   D:10 [


Innate Abilities, Weirdness & Mutations

You have a pair of horns on your head.
You reflexively headbutt those who attack you in melee.


Message History

You feel agile.
You feel yourself speed up. The warg bites you but does no damage.
The orc warlord hits you with a +1 battleaxe of freezing!!
* * * LOW HITPOINT WARNING * * *
The orc warlord freezes you.
* * * LOW HITPOINT WARNING * * *
An orc priest comes into view. It is wielding a +0 hand axe.
The ogre misses you. You furiously retaliate!
You headbutt the ogre!
The orc warrior complains repeatedly.
The orc warrior hits you from afar with a +0 halberd!
* * * LOW HITPOINT WARNING * * *
An orc comes into view.
It is wielding a +2 flail of protection.
The ynoxinul gestures.
You feel much better.
The orc warrior no longer looks unusually strong.
The warg barely misses you. The orc warrior closely misses you.
The orc warlord hits you with a +1 battleaxe of freezing!
* * * LOW HITPOINT WARNING * * *
The orc warlord freezes you.
* * * LOW HITPOINT WARNING * * *
The orc warrior closely misses you. The orc knight closely misses you.
You are confused.
You feel invigorated. The warg bites you!
* * * LOW HITPOINT WARNING * * *
The ogre hits you with a +0 giant club.
* * * LOW HITPOINT WARNING * * *
You barely miss the orc knight. Your headbutt misses the orc knight.
The orc knight is moderately wounded.
You barely miss the ogre. You hit the orc warlord. You barely miss the warg.
A warg comes into view.
An ogre comes into view. It is wielding a +0 giant spiked club.
The orc knight roars a battlecry!
The orc warrior goes into a battle-frenzy!
An orc warrior comes into view. It is wielding a +0 short sword.
The orc warrior hits you from afar with a +0 halberd!
* * * LOW HITPOINT WARNING * * *
The orc warrior hits you from afar with a +0 halberd!
* * * LOW HITPOINT WARNING * * *
The orc warlord closely misses you. The warg bites you!
You die...

.................)..#........))..
.................))##........))..
..................###....>......#
#...#.............####$......^.##
...................##............
.....................^...........
.$....#.#.#.#..................
.............$.................
##++#########@h##.......#.$...
#ooO4#


#ooooo5# oo53ooo..# ..o..55....# O.o.#........# ..o###.))....# .oh ........# You
could see an orc warlord (strong), 2 orc knights, a hellwing (summoned), a
ynoxinul (summoned), 2 wargs, an orc sorcerer (strong), 6 orc warriors, 2 ogres,
an orc priest (strong), 5 orcs and 4 ufetubi.

Vanquished Creatures
  Gastronok (D:10)
  Erica (D:9)
  2 two-headed ogres
  Amaemon (D:9)
  Pikel (D:4)
  An orc knight (Orc:1)
  An orange demon (D:9)
  A gargoyle (D:10)
  A komodo dragon (D:10)
  Maggie (D:9)
  An unseen horror (D:10)
  2 trolls
  11 yaks
  A wraith (D:7)
  A vampire (D:9)
  A shadow (D:10)
  5 wyverns
  The ghost of u553311 the Ogre Mage, an amateur OgAE (D:3)
  Grum (D:8)
  The ghost of ChadusMaximus the Shield-Bearer, an amateur FoFi (D:3)
  A vampire mosquito (D:10)
  4 water moccasins (D:10)
  Duvessa (D:4)
  9 orc warriors
  A sky beast (D:7)
  An ice beast (D:6)
  3 wolves (D:8)
  2 black bears (D:10)
  4 ogres
  2 lemures (D:4)
  2 centaurs
  3 kobold brigands
  4 bullfrogs
  5 scorpions
  16 wights
  9 killer bees (D:8)
  Dowan (D:4)
  8 howler monkeys
  2 hounds (D:7)
  11 orc priests
  2 iguanas
  Natasha (thrice) (D:3)
  13 orc wizards
  A mummy (D:6)
  9 adders
  8 gnolls
  5 river rats (Sewer)
  A shadow imp (D:7)
  3 white imps (D:6)
  2 ufetubi (D:6)
  2 worms (D:6)
  2 dart slugs (D:1)
  48 orcs
  An endoplasm (D:1)
  3 giant cockroaches
  7 goblins
  11 hobgoblins
  3 jackals (D:4)
  3 quokkas
  8 ball pythons
  4 bats (D:1)
  5 frilled lizards
  39 kobolds
  22 rats
330 creatures vanquished.

Notes
Turn   | Place    | Note
-------+----------+-------------------------------------------
     0 | D:1      | Graphine the Minotaur Monk began the quest for the Orb.
     0 | D:1      | Reached XP level 1. HP: 19/19 MP: 0/0
   143 | D:1      | Reached XP level 2. HP: 27/27 MP: 1/1
   149 | D:1      | Reached skill level 1 in Armour
  1032 | D:2      | Reached XP level 3. HP: 33/33 MP: 2/2
  1319 | D:2      | Found a faded altar of an unknown god.
  1552 | D:3      | Noticed Natasha
  1558 | D:3      | Reached XP level 4. HP: 40/41 MP: 3/3
  1559 | D:3      | Killed Natasha
  1918 | D:3      | Reached XP level 5. HP: 47/47 MP: 4/4
  2119 | D:3      | Noticed Natasha
  2123 | D:3      | Killed Natasha
  2150 | D:3      | Found a runed translucent gate.
  2151 | D:3      | Found a runed translucent gate.
  2152 | D:3      | Found a runed translucent gate.
  2153 | D:3      | Noticed ChadusMaximus's ghost (amateur FoFi)
  2153 | D:3      | Noticed u553311's ghost (amateur OgAE)
  2166 | D:3      | Killed ChadusMaximus's ghost
  2167 | D:3      | Reached skill level 5 in Fighting
  2167 | D:3      | Reached skill level 5 in Axes
  2167 | D:3      | Reached XP level 6. HP: 42/56 MP: 5/5
  2173 | D:3      | Killed u553311's ghost
  2174 | D:3      | Reached skill level 5 in Dodging
  2301 | D:3      | Noticed Natasha
  2308 | D:3      | Killed Natasha
  2421 | D:4      | Noticed Pikel
  2436 | D:4      | Killed Pikel
  2437 | D:4      | Reached skill level 5 in Armour
  2437 | D:4      | Reached XP level 7. HP: 29/64 MP: 6/6
  2628 | D:4      | Found a hazy altar of Hepliaklqana.
  2657 | D:4      | Identified the ring of Liberalism {rF+ rC+ Will+}
  2852 | D:4      | Noticed Duvessa
  2852 | D:4      | Noticed Dowan
  2892 | D:4      | Killed Duvessa
  2893 | D:4      | Reached XP level 8. HP: 62/71 MP: 7/7
  2923 | D:4      | Killed Dowan
  2924 | D:4      | Reached skill level 1 in Ranged Weapons
  3425 | D:5      | Entered Level 5 of the Dungeon
  3574 | D:5      | Found a glowing silver altar of Zin.
  3764 | D:6      | Found a glowing drain.
  3784 | Sewer    | Entered a sewer
  4722 | D:6      | Reached XP level 9. HP: 41/80 MP: 8/8
  4884 | D:6      | Found a blossoming altar of Fedhas.
  4887 | D:6      | Found a stormy altar of Qazlal.
  5032 | D:6      | Found an ornate altar of the Wu Jian Council.
  5761 | D:7      | Found a burning altar of Makhleb.
  5871 | D:7      | Noticed a troll
  5876 | D:7      | Killed a troll
  5877 | D:7      | Reached skill level 5 in Ranged Weapons
  6433 | D:8      | Found a glowing golden altar of the Shining One.
  6477 | D:8      | Noticed Grum
  6480 | D:8      | Reached XP level 10. HP: 76/90 MP: 9/9
  6484 | D:8      | Killed Grum
  6548 | D:8      | Noticed a two-headed ogre
  6552 | D:8      | Killed a two-headed ogre
  7234 | D:9      | Noticed Amaemon
  7234 | D:9      | Noticed an orange demon
  7246 | D:9      | Killed Amaemon
  7253 | D:9      | Killed an orange demon
  7254 | D:9      | Reached skill level 10 in Axes
  7322 | D:9      | Reached skill level 10 in Fighting
  7356 | D:9      | Found Ocaf's Book Shop.
  7373 | D:9      | Found Reazaim's Assorted Antiques.
  7381 | D:9      | Bought a scroll labelled ERUPRI LATIYDO for 29 gold pieces
  7383 | D:9      | Found Naesil's Antique Weapon Boutique.
  7444 | D:9      | Noticed Erica
  7454 | D:9      | Killed Erica
  7667 | D:9      | Found Hubim's Weapon Shop.
  7749 | D:9      | Reached XP level 11. HP: 90/99 MP: 10/10
  7760 | D:9      | Noticed Maggie
  7767 | D:9      | Killed Maggie
  7815 | D:10     | Entered Level 10 of the Dungeon
  7870 | D:10     | Found a staircase to the Lair.
  7970 | D:10     | Found a staircase to the Orcish Mines.
  8114 | D:10     | Noticed a two-headed ogre
  8116 | D:10     | Reached skill level 10 in Armour
  8117 | D:10     | Killed a two-headed ogre
  8118 | D:10     | Reached skill level 10 in Dodging
  8122 | D:10     | Noticed Gastronok
  8137 | D:10     | Killed Gastronok
  8139 | D:10     | Found Avomneubb's Antique Armour Shop.
  8256 | D:10     | Found a sacrificial altar of Ru.
  8737 | Orc:1    | Entered Level 1 of the Orcish Mines
  8740 | Orc:1    | Noticed an orc knight
  8750 | Orc:1    | Killed an orc knight
  8865 | Orc:1    | Noticed an orc knight
  8866 | Orc:1    | Noticed an orc warlord
  8870 | Orc:1    | Noticed an orc sorcerer
  8872 | Orc:1    | Noticed an orc knight
  8878 | Orc:1    | Reached XP level 12. HP: 56/110 MP: 11/11
  8881 | Orc:1    | Slain by a warg

Illustrated notes

Levels and vault maps discovered:
D:1:      dpeg_arrival_rhombi, layout_loops_ring
D:2:      layout_rooms, serial_curves, eino_curves_04, eino_curves_03,
          eino_curves_04, eino_curves_04,
          hellmonk_ecumenical_altar_inner_sanctum
D:3:      layout_basic, gammafunk_ghost_cemetery, st_stairs_9, uniq_natasha
D:4:      layout_cave_pods, nicolae_hepliaklqana_hazy_memory, uniq_pikel,
          uniq_duvessa
D:5:      gammafunk_cloud_chamber, layout_loops_cross,
          mainiacjoe_overflow_24_doors, zin_treasury,
          minmay_temple_entry_butterflies, uniq_crazy_yiuf_cottage,
          uniq_blork_the_orc
D:6:      kennysheep_spiral_hall, layout_basic, mainiacjoe_overflow_chevrons,
          grunt_temple_overflow_forces_of_nature, cheibrodos_sewer_entry_bend,
          gup_ossuary_entry_pyramid
D:7:      layout_basic, makhleb_heckhound_becter, wad_mini_maze
D:8:      layout_basic, nicolae_tso_carved_into_rock,
          chequers_serial_rivers_room_a, uniq_grum
D:9:      layout_roguey, serial_shops, kennysheep_mini, kennysheep_little_box,
          shop, nicolae_take_the_stairs, grunt_decor_one_mirror,
          fungi_pond_lemuel, nzn_life_drinkers, uniq_amaemon, uniq_erica,
          uniq_maggie
D:10:     layout_irregular_city, mainiacjoe_overflow_boulevard,
          due_lair_maze_entry_diamond, minmay_orc_entry_temple_small,
          serial_shops, nicolae_shop_crystal, uniq_gastronok
Orc:1:    layout_diamond_mine, nicolae_alphabet_shops, library_closet,
          minmay_orc_treasury

Skill      XL: |  1  2  3  4  5  6  7  8  9 10 11 |
---------------+----------------------------------+-----
Armour         | 1 2 3 5 6 7 9 10 | 10.7
Axes           | 4 5 6 7 9 10 11 | 11.4
Fighting       | 4 5 6 7 8 10 11 | 11.4
Dodging        | 4 5 6 7 8 9 10 | 10.5
Ranged Weapons | 3 5 7 8 |  8.6

Action                     |  1- 3 |  4- 6 |  7- 9 | 10-12 || total
---------------------------+-------+-------+-------+-------++-------
  Melee: Hand axe          |    72 |    71 |    88 |       ||   231
         Headbutt          |     7 |    18 |    31 |    35 ||    91
         Battleaxe         |       |       |    73 |   154 ||   227
   Fire: Arbalest          |       |       |    77 |    32 ||   109
  Throw: Dart              |       |       |     5 |       ||     5
         Javelin           |       |       |       |     2 ||     2
  Evoke: Wand              |       |       |       |     8 ||     8
    Use: Scroll            |     9 |     2 |    10 |     6 ||    27
         Potion            |       |     1 |       |     5 ||     6
 Armour: Robe              |    11 |       |       |       ||    11
         Ring mail         |     3 |    20 |    60 |    60 ||   143
  Dodge: Dodged            |    56 |    52 |   128 |   148 ||   384
